 Dungeon Crawl Stone Soup version 0.30-a0-862-g1aabd4f9c5 (webtiles) character file.

Game seed: 5561598009185474118

12238 avis the Severer (level 11, -5/99 HPs)
             Began as a Hill Orc Monk on Mar 9, 2023.
             Was a High Priest of Beogh.
             Slain by a meliai
             ... wielding a +0 war axe
              (7 damage)
             ... in a Gauntlet on Mar 10, 2023.
             The game lasted 01:39:57 (12119 turns).

avis the Severer (Hill Orc Monk)                   Turns: 12119, Time: 01:39:57

Health: -5/99      AC: 15    Str: 23    XL:     11   Next: 90%
Magic:  15/18      EV: 14    Int: 10    God:    Beogh [*****.]
Gold:   671        SH:  0    Dex: 18    Spells: 7/10 levels left

rFire   + . .      SeeInvis +    a - +4 war axe
rCold   . . .      Faith    .    (no shield)
rNeg    . . .      Spirit   .    D - +2 ring mail {rF+}
rPois   .          Reflect  .    v - +0 helmet
rElec   .          Rampage  .    z - +2 cloak
rCorr   .          NoTele   +    g - +0 pair of gloves {Dex+3}
Will    .....                    H - +0 pair of boots
Stlth   ++                       (no amulet)
HPRegen 0.36/turn                P - +6 ring of strength
MPRegen 0.16/turn                y - ring of see invisible

@: lethally poisoned (-5 -> -25)
A: walk on water
a: Renounce Religion, Smiting, Recall Orcish Followers, Give Item to Named
Follower


You were in a Gauntlet.
You worshipped Beogh.
Beogh was extremely pleased with you.
You visited 3 branches of the dungeon, and saw 12 of its levels.
You also visited: Ossuary, Bailey and Gauntlet.

You collected 671 gold pieces.

Inventory:

Hand Weapons
 a - a +4 war axe (weapon)
 b - the +8 longbow of Upheaval {freeze, rC- Str+4 Dex+2}
   (You found it on level 4 of the Dungeon)

   Str:       It affects your strength (+4).
   Dex:       It affects your dexterity (+2).
   rC:        It makes you vulnerable to cold.
 w - the +9 staff of Olgreb {rPois∞}
   (You found it on level 3 of the Dungeon)

   It enhances your poison magic.
   It grants immunity to poison.
   It can be activated via the 'a'bility menu to radiate toxic energy, with
   effectiveness depending on Evocations skill.
 K - a +0 broad axe
 Z - a +4 shortbow of flaming
Missiles
 A - 11 throwing nets
Armour
 g - a +0 pair of gloves of dexterity (worn)
 v - a +0 helmet (worn)
 z - a +2 cloak (worn)
 D - a +2 ring mail of fire resistance (worn)
 H - a +0 pair of boots (worn)
Jewellery
 k - a ring of protection from fire
 y - a ring of see invisible (right hand)
 O - a ring of protection from cold
 P - a +6 ring of strength (left hand)
Wands
 f - a wand of mindburst (18)
 s - a wand of flame (42)
 E - a wand of acid (23)
 U - a wand of polymorph (16)
Scrolls
 c - 3 scrolls of immolation {unknown}
 p - 2 scrolls of butterflies
 q - 4 scrolls of fog
 r - 3 scrolls of enchant weapon {unknown}
 t - 2 scrolls of teleportation {unknown}
 B - 2 scrolls of amnesia {unknown}
 F - a scroll of torment {unknown}
 G - 2 scrolls of silence {unknown}
 I - 2 scrolls of enchant armour {unknown}
 M - 3 scrolls of noise {unknown}
 N - a scroll of blinking
 S - 2 scrolls of fear
Potions
 d - a potion of cancellation
 j - 2 potions of ambrosia
 l - a potion of invisibility
 m - a potion of heal wounds
 n - 3 potions of magic
 u - 10 potions of curing
 L - 2 potions of might
Miscellaneous
 e - a lightning rod (4/4)
 x - a condenser vane


   Skills:
 - Level 10.0 Fighting
 - Level 16.0 Axes
 * Level 5.9 Armour
 - Level 5.0 Dodging
 - Level 5.0 Stealth
 - Level 10.0 Invocations


You had 7 spell levels left.
You knew the following spells:

 Your Spells              Type           Power      Damage    Failure   Level
f - Swiftness             Air            0%         N/A       86%         3

Your spell library contained the following spells:

 Spells                   Type           Power      Damage    Failure   Level
 Magic Dart               Conj           0%         1d3       50%         1
 Necrotise                Necr           0%         1d4       50%         1
 Shock                    Conj/Air       0%         1d3       50%         1
 Call Imp                 Summ           0%         N/A       65%         2
 Mephitic Cloud           Conj/Pois/Air  0%         N/A       86%         3
 Summon Guardian Golem    Hex/Summ       0%         N/A       86%         3
 Vampiric Draining        Necr           0%         2d6       86%         3
 Airstrike                Air            0%         2d(0-16)  99%         4
 Sticky Flame             Conj/Fire      0%         2d3       99%         4
 Agony                    Necr           0%         N/A       100%        5
 Yara's Violent Unravell  Hex/Tmut       0%         3d3       100%        5
 Starburst                Conj/Fire      0%         6d3       100%        6
 Enfeeble                 Hex            0%         N/A       100%        7


Dungeon Overview and Level Annotations

Branches:
Dungeon (8/15)             Temple (1/1) D:6            Lair (3/5) D:8
  Swamp (0/4) Lair:2        Snake (0/4) Lair:2      Ossuary (visited)
 Bailey (visited)         Gauntlet (1/1)

Altars:
Ashenzari
Cheibriados
Fedhas
Hepliaklqana
Kikubaaqudgha
Makhleb
Wu Jian
Yredelemnul
Zin
The Shining One

Shops:
D:7 *

Annotations:
Gauntlet 3 transporters


Message History

You hit the meliai.
The meliai is heavily wounded.
You barely miss the meliai.
You feel sick.
The meliai calls down the wrath of its god upon you.
Something smites you!
* * * LOW HITPOINT WARNING * * *
The meliai calls upon its god to heal the meliai.
The meliai is healed somewhat.
The meliai barely misses you. The meliai closely misses you. x2
The meliai stings you but does no damage.
You feel much better.
You feel sick. The meliai closely misses you. The meliai completely misses you.
The meliai closely misses you. The meliai barely misses you.
The meliai hits you with a +0 war axe.
The meliai stings you but does no damage.
The meliai hits you with a +0 hand axe!
* * * LOW HITPOINT WARNING * * *
The meliai stings you but does no damage.
Aiming: Smiting
Press: ? - help, Dir - move target, f - meliai Smite: a meliai, wielding a +0 war axe and wearing a +0 robe (moderately wounded)
You smite the meliai!
The meliai is almost dead.
The brown ugly thing gurgles horribly!
You feel sick. The meliai hits you but does no damage. The meliai stings you.
* * * LOW HITPOINT WARNING * * *
You are lethally poisoned!
The meliai poisons you! The meliai hits you with a +0 hand axe.
* * * LOW HITPOINT WARNING * * *
The meliai misses you. x2
The meliai stings you but does no damage.
The meliai misses you. The meliai closely misses you.
You hit the meliai.
The meliai is almost dead.
You hit the meliai but do no damage.
* * * LOW HITPOINT WARNING * * *
You feel very sick. The meliai hits you with a +0 war axe!
* * * LOW HITPOINT WARNING * * *
The meliai stings you!
You die...

####...#**********,,,***********,
.....≈.............≈....,,,,,,,,,
....§8§...........≈8≈...,,,,,,,,,
...§§≈.............≈....,,,,,,,,,
####...###########...###********,
##.#...#.........#...#..,~~^^,,*,
.#.#...#..##.##..#...#^≈~,,~~~,*,
##.#####.##...##[#####≈.,~,,~,~*,
^#.#...#.#.....#@#...#G.~,~~^,,*,
..©#©.§#....©..yy#©.©#G≈~,©~,,©*,
##.#...#.#.....#}#...#u.,,~~^~,*,
##[#####.##...##.#####..~~,,~,^*,
...#...#..##.##..#...#≈≈~,~~,~~*,
#^.#.8.#......,..#.8.#..,^~,,,,*,
####...#######*###...###********,
........................,,,,,,,,,
...............,.......,,,,,,,,,,


You could see a brown ugly thing, 2 glowing orange brains and 2 meliai.

Vanquished Creatures
  Erica (D:8)
  A bog body (Lair:2)
  A worldbinder (Gauntlet)
  Maggie (D:7)
  A cane toad (Lair:2)
  3 komodo dragons
  A polar bear (Lair:3)
  A meliai (Gauntlet)
  A yak (Lair:2)
  2 wyverns (D:7)
  2 basilisks (D:8)
  Menkaure (D:6)
  Edmund (D:4)
  6 water moccasins
  Duvessa (D:6)
  An ice beast (D:5)
  A sky beast (D:8)
  2 hornet zombies (Ossuary)
  An ogre (D:4)
  2 boggarts (Gauntlet)
  6 wolves
  A phantom (D:6)
  11 gnoll sergeants
  2 bullfrogs
  A water moccasin zombie (Ossuary)
  A wyvern zombie (Ossuary)
  3 scorpions
  4 wights
  Dowan (D:6)
  4 howler monkeys
  A bullfrog zombie (Ossuary)
  2 centaur zombies (Ossuary)
  3 hounds
  A jelly (D:6)
  A sleepcap (D:5)
  2 orc priests
  Crazy Yiuf (D:2)
  7 gnoll boudas
  2 iguanas (D:6)
  9 orc wizards
  3 killer bee zombies (Ossuary)
  11 mummies (Ossuary)
  21 gnolls
  8 adders
  2 shadow imps
  A white imp (D:5)
  2 ufetubi
  An adder skeleton (D:2)
  An adder zombie (D:2)
  4 dart slugs
  15 orcs
  12 ball pythons
  A bat skeleton (D:2)
  A bat zombie (D:3)
  10 endoplasms
  6 giant cockroaches
  7 hobgoblins
  11 jackals
  13 kobolds
  3 quokkas
  2 ball python skeletons (D:2)
  5 bats
  5 frilled lizards
  6 goblins
  7 rats
  2 rat zombies (D:3)
254 creatures vanquished.

Vanquished Creatures (collateral kills)
  A hydra (Lair:2)
  A two-headed ogre (D:8)
  An oklob plant (Lair:2)
  A black mamba (Lair:1)
  Joseph (D:8)
  A cane toad (Lair:1)
  A komodo dragon (Lair:1)
  2 wyverns
  10 yaks
  Grum (D:8)
  3 water moccasins
  2 ogres
  5 wolves
  A phantom (D:7)
  A kobold brigand (D:8)
  2 bullfrogs
  A scorpion (D:7)
  2 wights
  A howler monkey (D:7)
  An iguana (D:7)
  An orc wizard (D:8)
  6 gnolls (D:8)
  A shadow imp (D:7)
  A white imp (D:7)
  An orc (D:6)
  5 kobolds (D:8)
54 creatures vanquished.

Vanquished Creatures (others)
  An orc priest (D:4)
  3 orc wizards
  2 orcs
  3 fungi
  19 plants
  9 withered plants
37 creatures vanquished.

Grand Total: 345 creatures vanquished

Notes
Turn   | Place    | Note
-------+----------+-------------------------------------------
     0 | D:1      | avis the Hill Orc Monk began the quest for the Orb.
     0 | D:1      | Reached XP level 1. HP: 19/19 MP: 1/1
    49 | D:1      | Found a faded altar of an unknown god.
   115 | D:1      | Reached XP level 2. HP: 27/27 MP: 2/2
   368 | D:1      | Reached skill level 5 in Axes
   686 | D:1      | Reached XP level 3. HP: 33/33 MP: 3/3
  1284 | D:2      | Reached skill level 6 in Axes
  1289 | D:2      | Reached XP level 4. HP: 40/40 MP: 4/4
  1909 | D:2      | Found a runed translucent door.
  1910 | D:2      | Noticed Crazy Yiuf
  1920 | D:2      | Killed Crazy Yiuf
  1921 | D:2      | Reached skill level 5 in Fighting
  2311 | D:3      | Reached XP level 5. HP: 47/48 MP: 5/5
  2426 | D:3      | Found an ancient bone altar of Kikubaaqudgha.
  3001 | D:4      | Noticed an ogre
  3032 | D:4      | Reached skill level 7 in Axes
  3048 | D:4      | Killed an ogre
  3049 | D:4      | Reached skill level 8 in Axes
  3049 | D:4      | Reached XP level 6. HP: 9/56 MP: 6/6
  3104 | D:4      | Noticed Edmund
  3123 | D:4      | Killed Edmund
  3221 | D:4      | Identified the +8 longbow of Upheaval {freeze, rC- Str+4
                  | Dex+2}
  3524 | D:3      | Found the +9 staff of Olgreb {rPois∞}
  3530 | D:3      | Reached XP level 7. HP: 60/63 MP: 7/7
  3849 | D:4      | Reached skill level 9 in Axes
  3849 | D:4      | Became a worshipper of Beogh the Brigand
  3849 | D:4      | Reached * piety under Beogh
  3849 | D:4      | Reached ** piety under Beogh
  4290 | D:5      | Entered Level 5 of the Dungeon
  4422 | D:5      | Found a blossoming altar of Fedhas.
  4819 | D:5      | Reached skill level 10 in Axes
  4900 | D:5      | Reached XP level 8. HP: 73/73 MP: 8/8
  5025 | D:5      | Found a snail-covered altar of Cheibriados.
  5038 | D:5      | Reached skill level 11 in Axes
  5485 | D:6      | Noticed Duvessa
  5486 | D:6      | Noticed Dowan
  5488 | D:6      | Killed Duvessa
  5489 | D:6      | Reached skill level 12 in Axes
  5532 | D:6      | Killed Dowan
  5572 | D:6      | Noticed Menkaure
  5574 | D:6      | Killed Menkaure
  5610 | D:6      | Reached *** piety under Beogh
  5617 | D:6      | Found a staircase to the Ecumenical Temple.
  5636 | Temple   | Entered the Ecumenical Temple
  5990 | D:6      | Reached XP level 9. HP: 81/81 MP: 9/9
  6001 | D:6      | Reached skill level 13 in Axes
  6238 | D:6      | Found a hazy altar of Hepliaklqana.
  6411 | D:7      | Identified the +9 falchion of Drought {heavy, rElec rC+
                  | MP-9 SInv}
  6599 | D:7      | Reached skill level 14 in Axes
  6600 | D:7      | Gained Syrus as an ally
  6607 | D:7      | Identified the +1 whip of the Unliving {heavy, rPois Dex+2}
  6946 | D:7      | Found Yzxi's Overcharged Wands.
  7001 | D:7      | Noticed Maggie
  7006 | D:7      | Killed Maggie
  7463 | D:7      | Found a burning altar of Makhleb.
  7467 | D:7      | Found a glowing silver altar of Zin.
  7468 | D:7      | Noticed a green death
  7468 | D:7      | Noticed an angel
  7766 | D:8      | Reached skill level 15 in Axes
  7769 | D:8      | Found a sand-covered staircase.
  7782 | Ossuary  | Entered an ossuary
  7850 | Ossuary  | Reached **** piety under Beogh
  7872 | Ossuary  | Reached XP level 10. HP: 69/91 MP: 10/10
  7912 | Ossuary  | Reached skill level 16 in Axes
  8000 | D:8      | Noticed Erica
  8000 | D:8      | Noticed a two-headed ogre
  8000 | D:8      | Noticed Grum
  8003 | D:8      | Killed a two-headed ogre
  8004 | D:8      | Reached skill level 10 in Fighting
  8004 | D:8      | Killed Grum
  8005 | D:8      | Reached skill level 1 in Armour
  8020 | D:8      | Killed Erica
  8026 | D:8      | Noticed Joseph
  8037 | D:8      | Found a flagged portal.
  8044 | Bailey   | Entered a bailey
  8224 | Bailey   | Reached skill level 5 in Armour
  8226 | Bailey   | Reached skill level 1 in Invocations
  8514 | Bailey   | Reached ***** piety under Beogh
  8532 | Bailey   | Reached skill level 5 in Invocations
  9091 | D:8      | Found a broken altar of Ashenzari.
  9115 | D:8      | Killed Joseph
  9270 | D:8      | Reached XP level 11. HP: 88/99 MP: 14/14
  9365 | D:8      | Reached skill level 5 in Dodging
  9532 | D:8      | Found a staircase to the Lair.
  9761 | Lair:1   | Entered Level 1 of the Lair of Beasts
  9860 | Lair:1   | Got Sif Muna's Precepts of Molten Misfortune
 10389 | Lair:1   | Learned a level 3 spell: Swiftness
 10767 | Lair:2   | Reached skill level 5 in Stealth
 10785 | Lair:2   | Found an ornate altar of the Wu Jian Council.
 10785 | Lair:2   | Noticed an oklob plant
 10897 | Lair:2   | Killed an oklob plant
 11001 | Lair:2   | Noticed a six-headed hydra
 11004 | Lair:2   | Killed a six-headed hydra
 11274 | Lair:2   | Identified the +3 scale mail "Tesche Soful" {Harm +Inv}
 11292 | Lair:2   | Found a staircase to the Snake Pit.
 11321 | Lair:2   | Found a staircase to the Swamp.
 11321 | Lair:2   | Noticed a bog body
 11325 | Lair:2   | Killed a bog body
 11835 | Lair:3   | Found a gate leading to a gauntlet.
 11846 | Gauntlet | Entered a Gauntlet
 11846 | Gauntlet | Noticed a shining eye
 11846 | Gauntlet | Noticed a worldbinder
 11846 | Gauntlet | Found a transporter.
 11846 | Gauntlet | Found a transporter.
 11846 | Gauntlet | Found a transporter.
 11859 | Gauntlet | Found a transporter.
 11868 | Gauntlet | Noticed a manticore
 11871 | Gauntlet | Noticed a tengu warrior
 11873 | Gauntlet | Killed a worldbinder
 11874 | Gauntlet | Reached skill level 10 in Invocations
 12106 | Gauntlet | Found a transporter.
 12107 | Gauntlet | Found a transporter.
 12109 | Gauntlet | Noticed a brown ugly thing
 12110 | Gauntlet | Noticed a glowing orange brain
 12111 | Gauntlet | Noticed a glowing orange brain
 12119 | Gauntlet | HP: 2/99 [meliai/+0 war axe (10)]
 12119 | Gauntlet | Slain by a meliai

Illustrated notes

Levels and vault maps discovered:
D:1:      tarquinn_simple_flora_water_e, layout_basic,
          shapermc_ecumenical_altar_acropolis, moated_statue,
          minmay_misc_feat_nine_boxes
D:2:      layout_basic, serial_undead, serial_undead_d, serial_undead_e,
          serial_undead_a, serial_undead_b, serial_undead_f,
          uniq_crazy_yiuf_cottage
D:3:      minmay_octagon_keep, layout_loops_cross,
          lemuel_zombie_altar_kikubaaqudgha
D:4:      layout_rooms, kennysheep_cross_bottleneck, minmay_bent, uniq_edmund
D:5:      layout_gridville, kennysheep_mini_moat, general_overflow_altar
D:6:      layout_rooms, nicolae_hepliaklqana_hippocampus,
          minmay_temple_entry_overgrown, uniq_menkaure, uniq_duvessa
D:7:      layout_basic, grunt_temple_overflow_order_and_chaos_2,
          nicolae_shop_overcharged_wands, uniq_maggie
D:8:      layout_rooms, amcnicky_altar_gilded, david_lair_generic,
          nicolae_ossuary_entry_monument, enter_bailey_2, uniq_erica,
          uniq_joseph, uniq_grum
Temple:   compressed_dpeg_triangle_lava_temple
Lair:1:   layout_loops_ring, pdpol_lair_neglected_garden, lemuel_fruit_tree,
          grunt_megastairs_1, lemuel_fruit_fields
Lair:2:   layout_small_grid, skrybe_swamp_entry_bodies, dummy_snake_entry,
          st_stairs_11, lemuel_oklob_altar
Lair:3:   layout_loops_ring, gauntlet_entry_generic,
          portal_ice_cave_entry_pillars_2, beast_lair_carwin_10,
          infiniplex_staircase_pool, uniq_kirke
Gauntlet: gammafunk_gauntlet_hard_choice [nicolae_gauntlet_arena_quarters,
          gammafunk_gauntlet_arena_crates, gammafunk_gauntlet_arena_teeth,
          gammafunk_gauntlet_arena_split_diamond,
          gammafunk_gauntlet_arena_split_x, nicolae_gauntlet_arena_flowing_pool,
          dreamdust_gauntlet_exit_labyrinth]

Skill      XL: |  1  2  3  4  5  6  7  8  9 10 11 |
---------------+----------------------------------+-----
Fighting       | 4 5 6 7 8 9 10 | 10.0
Axes           | 5 6 8 10 12 15 16 | 16.0
Armour         | 5 |  5.9
Invocations    | 5 10 | 10.0
Dodging        | 4 5 |  5.0
Stealth        | 5 |  5.0

Action                     |  1- 3 |  4- 6 |  7- 9 | 10-12 || total
---------------------------+-------+-------+-------+-------++-------
  Melee: War axe           |    49 |    94 |    60 |   105 ||   308
         Punch             |       |     1 |     1 |     1 ||     3
         Unarmed           |       |       |     2 |       ||     2
   Fire: Sling             |    67 |    58 |       |       ||   125
         Longbow           |       |    15 |   153 |   166 ||   334
 Invoke: Convert to Beogh  |       |       |     1 |       ||     1
         Give Item to Name |       |       |       |     1 ||     1
         Smiting           |       |       |       |     2 ||     2
    Use: Scroll            |       |     2 |     9 |     9 ||    20
         Potion            |       |     1 |       |     4 ||     5
   Stab: Sleeping          |     1 |       |       |       ||     1
         Distracted        |       |       |       |     1 ||     1
 Armour: Robe              |    20 |    36 |       |       ||    56
         Ring mail         |       |     7 |    60 |   116 ||   183
  Dodge: Dodged            |    41 |    72 |   103 |   147 ||   363

Table legend: (Time is in decaauts)
 A = Elapsed time spent in this place.
 B = Non-inter-level travel time spent in this place.
 C = Inter-level travel time spent in this place.
 D = Time resting spent in this place.
 E = Time spent auto-exploring this place.
 F = Levels seen in this place.
 G = Mean time per level.
                   A        B        C        D        E       F      G
               +--------+--------+--------+--------+--------+-----+--------+
         Total |  12370 |  10559 |   1811 |   1875 |   5195 |  15 |  824.7 |
       Dungeon |   8804 |   7121 |   1683 |    813 |   4063 |   8 | 1100.5 |
        Temple |     81 |     80 |      1 |      0 |      0 |   1 |   81.0 |
          Lair |   2104 |   1977 |    127 |    392 |   1132 |   3 |  701.3 |
       Ossuary |    199 |    199 |      0 |      0 |      0 |   1 |  199.0 |
        Bailey |    921 |    921 |      0 |    502 |      0 |   1 |  921.0 |
      Gauntlet |    258 |    258 |      0 |    168 |      0 |   1 |  258.0 |
               +--------+--------+--------+--------+--------+-----+--------+

Top non-repeatable levels by time:
     D:7: 1323 daAuts
     D:2: 1271 daAuts
     D:5: 1237 daAuts
     D:1: 1212 daAuts
     D:3: 1125 daAuts
  Lair:1: 1099 daAuts
     D:4: 970 daAuts
  Lair:2: 960 daAuts
  Bailey: 921 daAuts
     D:8: 848 daAuts
     D:6: 815 daAuts
Gauntlet: 258 daAuts
 Ossuary: 199 daAuts
  Temple: 81 daAuts
  Lair:3: 44 daAuts
